 Dungeon Crawl Stone Soup version 0.20.0-14-g326068f (webtiles) character file.

1292 greprep the Carver (level 8, 0/70 HPs)
             Began as a Minotaur Fighter on June 8, 2017.
             Was an Initiate of Ashenzari.
             Shot with a stone by a human (6 damage)
             ... on level 6 of the Dungeon.
             The game lasted 00:06:18 (4396 turns).

greprep the Carver (Minotaur Fighter)               Turns: 4396, Time: 00:06:19

Health: 0/70       AC:  8    Str: 29    XL:     8   Next: 30%
Magic:  7/7        EV:  9    Int:  5    God:    Ashenzari [......]
Gold:   118        SH: 11    Dex:  9    Spells: 7/7 levels left

rFire    . . .     SeeInvis .   a - +0 long sword
rCold    . . .     Gourm    .   c - +0 shield
rNeg     . . .     Faith    .   b - +0 scale mail
rPois    .         Spirit   .   (helmet restricted)
rElec    .         Reflect  .   (no cloak)
rCorr    .         Harm     .   l - +0 pair of gloves
MR       .....     Rnd*Tele +   (no boots)
Stlth    ..........             (no amulet)
Regen    0.3/turn               s - ring of teleportation (curse)
MPRegen  0.1/turn               (no ring)

@: mighty
A: retaliatory headbutt, horns 2
a: Curse Item, Renounce Religion


You were on level 6 of the Dungeon.
You worshipped Ashenzari.
Ashenzari was noncommittal.
You were hungry.

You visited 2 branches of the dungeon, and saw 7 of its levels.

You collected 118 gold pieces.

Inventory:

Hand Weapons
 a - a +0 long sword (weapon)
Armour
 b - a +0 scale mail (worn)
 c - a +0 shield (worn)
 l - a +0 pair of gloves (worn)
Jewellery
 s - a cursed ring of teleportation (left hand)
Wands
 z - a wand of flame (21/48)
Scrolls
 e - 7 scrolls of identify {unknown}
 g - 4 scrolls of magic mapping {unknown}
 h - a scroll of recharging {unknown}
 i - 4 scrolls of remove curse
 m - 6 scrolls of teleportation {unknown}
 p - a scroll of blinking {unknown}
 r - a scroll of immolation {unknown}
 t - a scroll of enchant weapon {unknown}
 y - a scroll of amnesia {unknown}
 A - a scroll of enchant armour {unknown}
Potions
 d - 2 potions of might
 k - 2 potions of curing {unknown}
 n - a potion of lignification {unknown}
 o - 3 potions of invisibility {unknown}
 u - a potion of mutation {unknown}
 w - a potion of cancellation {unknown}
Books
 x - a book of Minor Magic

   Spells                             Type                      Level
   a - Magic Dart                     Conjuration                  1
   b - Blink                          Translocation                2
   c - Call Imp                       Summoning                    2
   d - Slow                           Hexes                        2
   e - Conjure Flame                  Conjuration/Fire             3
   f - Mephitic Cloud                 Conjuration/Poison/Air       3
Comestibles
 f - 2 bread rations
 j - 3 royal jellies
 q - 3 meat rations
 v - 12 fruits


   Skills:
 + Level 5.7 Fighting
 * Level 8.9 Long Blades
 + Level 6.1 Armour
 + Level 2.5 Dodging
 + Level 5.6 Shields


You had 7 spell levels left.
You didn't know any spells.

Dungeon Overview and Level Annotations

Branches:
Dungeon (6/15)             Temple (1/1) D:4

Altars:
Ashenzari
Dithmenos
Fedhas
Gozag
Hepliaklqana
Kikubaaqudgha
Makhleb
Nemelex Xobeh
Okawaru
Qazlal
Ru
Sif Muna
Trog
Uskayaw
Vehumet
Xom
Yredelemnul
Zin
The Shining One


Innate Abilities, Weirdness & Mutations

You reflexively headbutt those who attack you in melee.
You have a pair of horns on your head.


Message History

The ice beast freezes you!
* * * LOW HITPOINT WARNING * * *
You climb downwards.
Found 10 gold pieces and a scroll labeled BETAFO QAEZXI.
There is a stone staircase leading up here.
Found 16 stones.
A human comes into view. It is wielding a hunting sling.
The human shouts!
The human picks up a scroll labeled OTIUNE ZUIVA.
A jackal and 2 humans come into view.
The human shouts! x2
The human shoots a stone.
The stone barely misses you.
The human shoots a stone.
The stone hits you but does no damage.
Found a stone staircase leading down.
A jackal and a human come into view.
You see here 2 stones.
You feel very mighty all of a sudden.
The human shouts!
The jackal barks!
The human shoots a stone.
The stone hits you.
You die... # ##. ..pp hpp..

......############
>.h....@Y..#.....#
....######.#?....#
. #.#.....#.##
#.....<....#
##......#..#
#...$..# #
#.###### #.. ...


You could see 4 humans, an ice beast and 2 jackals.

Vanquished Creatures
  Pikel (D:5)
  A slave (D:5)
  An ogre (D:4)
  A sky beast (D:5)
  A phantom (D:5)
  A scorpion (D:4)
  A howler monkey (D:5)
  A crimson imp (D:3)
  4 hounds
  An orc priest (D:5)
  An orc wizard (D:3)
  An iguana (D:4)
  2 worker ants (D:4)
  Robin (D:2)
  3 gnolls (D:4)
  6 adders
  2 oozes
  2 worms
  3 leopard geckos
  11 orcs
  8 giant cockroaches
  10 hobgoblins
  5 jackals
  2 quokkas
  A ball python (D:3)
  4 bats
  7 frilled lizards
  15 goblins
  8 kobolds
  A quokka zombie (D:5)
  8 rats
114 creatures vanquished.

Vanquished Creatures (others)
  A crimson imp (D:5)
  A worm (D:5)
2 creatures vanquished.

Grand Total: 116 creatures vanquished

Notes
Turn   | Place    | Note
-------+----------+-------------------------------------------
     0 | D:1      | greprep the Minotaur Fighter began the quest for the Orb.
     0 | D:1      | Reached XP level 1. HP: 19/19 MP: 0/0
   233 | D:1      | Reached XP level 2. HP: 27/27 MP: 1/1
   751 | D:1      | Reached XP level 3. HP: 32/33 MP: 2/2
   801 | D:2      | Noticed Robin
   824 | D:2      | Reached skill level 3 in Long Blades
  1030 | D:2      | Killed Robin
  1252 | D:2      | Reached XP level 4. HP: 40/40 MP: 3/3
  1899 | D:3      | Reached skill level 4 in Long Blades
  2436 | D:3      | Reached XP level 5. HP: 46/47 MP: 4/4
  2671 | D:3      | Reached skill level 5 in Long Blades
  2671 | D:3      | Reached skill level 1 in Dodging
  2909 | D:4      | Reached skill level 5 in Armour
  2946 | D:4      | Reached XP level 6. HP: 53/53 MP: 5/5
  3219 | D:4      | Reached skill level 6 in Long Blades
  3331 | D:4      | Found a staircase to the Ecumenical Temple.
  3340 | Temple   | Entered the Ecumenical Temple
  3382 | Temple   | Became a worshipper of Ashenzari the Shackled
  3507 | D:4      | Reached skill level 5 in Fighting
  3615 | D:4      | Reached XP level 7. HP: 60/61 MP: 6/6
  4045 | D:5      | Entered Level 5 of the Dungeon
  4083 | D:5      | Found a bloodstained altar of Trog.
  4083 | D:5      | Found a shimmering altar of Xom.
  4087 | D:5      | Reached skill level 5 in Shields
  4091 | D:5      | Noticed Pikel
  4104 | D:5      | Killed Pikel
  4104 | D:5      | Reached skill level 8 in Long Blades
  4104 | D:5      | Reached XP level 8. HP: 29/68 MP: 7/7
  4324 | D:5      | Found an iron altar of Okawaru.
  4339 | D:5      | HP: 3/70 [ice beast (9)]
  4370 | D:5      | Found an ancient bone altar of Kikubaaqudgha.
  4396 | D:6      | Shot with a stone by a human

Skill      XL: |  1  2  3  4  5  6  7  8 |
---------------+-------------------------+-----
Fighting       | 4 5 |  5.7
Armour         | 4 5 6 |  6.1
Long Blades    | 3 4 5 6 8 |  8.9
Shields        | 4 5 |  5.6
Dodging        | 1 2 |  2.5

Action                   |  1- 3 |  4- 6 |  7- 9 || total
-------------------------+-------+-------+-------++-------
Melee: Long sword        |   112 |   162 |    55 ||   329
       Headbutt          |    17 |    29 |    15 ||    61
  Use: Potion            |       |       |     1 ||     1
  Eat: Chunk             |     1 |     8 |     2 ||    11
Armor: Scale mail        |    52 |    62 |    15 ||   129
Dodge: Dodged            |    31 |    46 |    18 ||    95
Block: Shield            |    56 |    84 |    29 ||   169
       Rpst.: Long sword |     6 |     8 |     2 ||    16
